PCL
LAS VEGAS STARS @ MILE HIGH BRONCOS
08/29/2027
 
TOP OF THE 1ST
Las Vegas Stars batting - Pitching for Mile High Broncos : RHP Barry Garner
Pitching: RHP Barry Garner
Batting: RHB Jonathan MacVey 0-0: Called Strike
0-1: Foul Ball, location: 2F
0-2: Fly out, F7 (Flyball, 7)
Batting: RHB Juan Valverde 0-0: Ball
1-0: Ball
2-0: Ground out 5-3 (Groundball, 56)
Batting: RHB Tom Howe 0-0: Ground out 6-3 (Groundball, 6)
Top of the 1st over - 0 run(s), 0 hit(s), 0 error(s), 0 left on base; Las Vegas 0 - Mile High 0
BOTTOM OF THE 1ST
Mile High Broncos batting - Pitching for Las Vegas Stars : RHP Dema Mitenkov
Pitching: RHP Dema Mitenkov
Batting: LHB Ernesto López 0-0: Called Strike
0-1: Ball
1-1: Fly out, F9 (Flyball, 89M)
Batting: SHB Tom Stevens 0-0: Fly out, F6 (Popup, 56D)
Batting: LHB Mark Everett 0-0: Ball
1-0: Ball
2-0: Ball
3-0: Base on Balls
Batting: RHB Jeff Packard 0-0: Ball
1-0: Called Strike
1-1: Ball
2-1: Ball
3-1: Base on Balls
Mark Everett to second
Batting: RHB Rodney González 0-0: Called Strike
0-1: Ball
1-1: Foul Ball, location: 2F
1-2: Ball
2-2: Foul Ball, location: 2F
2-2: Foul Ball, location: 2F
2-2: SINGLE (Groundball, 34D)
Mark Everett to third
Jeff Packard to second
Runner from 3rd tries for Home, SAFE, no throw
Batting: RHB David Moran 0-0: Fielders Choice at 2nd, 4-6 (Groundball, 4)
Bottom of the 1st over - 1 run(s), 1 hit(s), 0 error(s), 1 left on base; Las Vegas 0 - Mile High 1
TOP OF THE 2ND
Las Vegas Stars batting - Pitching for Mile High Broncos : RHP Barry Garner
Batting: LHB Fernando De La Cruz 0-0: Swinging Strike
0-1: Ground out 3-1 (Groundball, 34)
Batting: SHB Héctor Barajas 0-0: Swinging Strike
0-1: Hit by Pitch
Batting: LHB Bryan Foster 0-0: Called Strike
0-1: Swinging Strike
0-2: Strikes out swinging
Batting: LHB Diego Torres 0-0: Ball
1-0: Swinging Strike
1-1: Foul Ball, location: 2F
1-2: Strikes out swinging
Top of the 2nd over - 0 run(s), 0 hit(s), 0 error(s), 1 left on base; Las Vegas 0 - Mile High 1
BOTTOM OF THE 2ND
Mile High Broncos batting - Pitching for Las Vegas Stars : RHP Dema Mitenkov
Batting: RHB Edward Williams 0-0: Swinging Strike
0-1: Ball
1-1: Ground out 5-3 (Groundball, 5S)
Batting: LHB Don Hull 0-0: Foul Ball, location: 2F
0-1: Called Strike
0-2: Fly out, F8 (Line Drive, 8RM)
Batting: RHB Evan Robinson 0-0: Ball
1-0: Ball
2-0: Ground out 6-3 (Groundball, 6S)
Bottom of the 2nd over - 0 run(s), 0 hit(s), 0 error(s), 0 left on base; Las Vegas 0 - Mile High 1
TOP OF THE 3RD
Las Vegas Stars batting - Pitching for Mile High Broncos : RHP Barry Garner
Batting: LHB Paco Rivera 0-0: Called Strike
0-1: Ball
1-1: Called Strike
1-2: Ball
2-2: Ball
3-2: Foul Ball, location: 2F
3-2: Foul Ball, location: 2F
3-2: Strikes out swinging
Batting: RHB Ryan McBride 0-0: Called Strike
0-1: Ball
1-1: Called Strike
1-2: Foul Ball, location: 2F
1-2: Ball
2-2: Ground out 6-3 (Groundball, 6)
Batting: RHB Jonathan MacVey 0-0: Ball
1-0: Foul Ball, location: 2F
1-1: Ball
2-1: Ball
3-1: Fly out, F9 (Flyball, 9LS)
Top of the 3rd over - 0 run(s), 0 hit(s), 0 error(s), 0 left on base; Las Vegas 0 - Mile High 1
BOTTOM OF THE 3RD
Mile High Broncos batting - Pitching for Las Vegas Stars : RHP Dema Mitenkov
Batting: LHB Ernesto López 0-0: SINGLE (Groundball, 4MD)
Batting: SHB Tom Stevens 0-0: Ball
1-0: Ball
2-0: Called Strike
2-1: Foul Ball, location: 2F
2-2: Ball
3-2: Foul Ball, location: 2F
3-2: Base on Balls
Ernesto López to second
Batting: LHB Mark Everett 0-0: Ball
Ernesto López steals 3rd base
Tom Stevens to second
1-0: Ball
2-0: Ball
3-0: Base on Balls
Batting: RHB Jeff Packard 0-0: Ball
1-0: Foul Ball, location: 2F
1-1: Fly out, F5 (Line Drive, 56)
Batting: RHB Rodney González 0-0: Called Strike
0-1: Fly out, F7 (Flyball, 78D)
Runner from 3rd tags up, SCORES, no throw
Batting: RHB David Moran 0-0: Ball
1-0: Foul Ball, location: 2F
1-1: Ball
2-1: Called Strike
2-2: Fly out, F4 (Popup, 4)
Bottom of the 3rd over - 1 run(s), 1 hit(s), 0 error(s), 2 left on base; Las Vegas 0 - Mile High 2
TOP OF THE 4TH
Las Vegas Stars batting - Pitching for Mile High Broncos : RHP Barry Garner
Batting: RHB Juan Valverde 0-0: Swinging Strike
0-1: Swinging Strike
0-2: Ball
1-2: Ball
2-2: Foul Ball, location: 2F
2-2: Ground out 5-3 (Groundball, 56)
Batting: RHB Tom Howe 0-0: Swinging Strike
0-1: Foul Ball, location: 2F
0-2: Strikes out looking
Batting: LHB Fernando De La Cruz 0-0: Ball
1-0: Called Strike
1-1: Foul Ball, location: 2F
1-2: Foul Ball, location: 2F
1-2: Ball
2-2: Strikes out swinging, 2-3 out at first.
Top of the 4th over - 0 run(s), 0 hit(s), 0 error(s), 0 left on base; Las Vegas 0 - Mile High 2
BOTTOM OF THE 4TH
Mile High Broncos batting - Pitching for Las Vegas Stars : RHP Dema Mitenkov
Batting: RHB Edward Williams 0-0: Ball
1-0: Ball
2-0: Ball
3-0: Called Strike
3-1: Base on Balls
Batting: LHB Don Hull 0-0: Ball
1-0: Swinging Strike
1-1: Ball
2-1: SINGLE (Groundball, 25) (infield hit)
Edward Williams to second
Batting: RHB Evan Robinson 0-0: Ball
1-0: Ball
2-0: Grounds into double play, 5-4-3 (Groundball, 56)
Edward Williams to third
Batting: LHB Ernesto López 0-0: Foul Ball, location: 2F
0-1: Ball
1-1: Ball
2-1: Ball
3-1: Foul Ball, location: 2F
3-2: Base on Balls
Pitching: RHP Jorge Oliva
Batting: SHB Tom Stevens 0-0: Ball
Ernesto López is caught stealing 2nd base
Bottom of the 4th over - 0 run(s), 1 hit(s), 0 error(s), 0 left on base; Las Vegas 0 - Mile High 2
TOP OF THE 5TH
Las Vegas Stars batting - Pitching for Mile High Broncos : RHP Barry Garner
Batting: SHB Héctor Barajas 0-0: SINGLE (Groundball, 34D)
Batting: LHB Bryan Foster 0-0: Ball
1-0: Called Strike
1-1: Called Strike
1-2: Ball
2-2: Ball
3-2: Strikes out swinging
Héctor Barajas steals 2nd base
Batter strikes out.
Batting: LHB Diego Torres 0-0: Called Strike
0-1: Swinging Strike
0-2: Ball
1-2: Strikes out looking
Batting: LHB Paco Rivera 0-0: Foul Ball, location: 2F
0-1: Ball
1-1: Ball
2-1: Ground out 4-3 (Groundball, 4MS)
Top of the 5th over - 0 run(s), 1 hit(s), 0 error(s), 1 left on base; Las Vegas 0 - Mile High 2
BOTTOM OF THE 5TH
Mile High Broncos batting - Pitching for Las Vegas Stars : RHP Jorge Oliva
Batting: SHB Tom Stevens 0-0: Ball
1-0: Foul Ball, location: 2F
1-1: Called Strike
1-2: Strikes out looking
Batting: LHB Mark Everett 0-0: Ball
1-0: Foul Ball, location: 2F
1-1: Called Strike
1-2: Foul Ball, location: 2F
1-2: Foul Ball, location: 2F
1-2: SINGLE (Line Drive, 78S)
Batting: RHB Jeff Packard 0-0: Called Strike
0-1: Called Strike
0-2: Strikes out swinging
Batting: RHB Rodney González 0-0: Called Strike
0-1: Swinging Strike
0-2: Strikes out swinging
Bottom of the 5th over - 0 run(s), 1 hit(s), 0 error(s), 1 left on base; Las Vegas 0 - Mile High 2
TOP OF THE 6TH
Las Vegas Stars batting - Pitching for Mile High Broncos : RHP Barry Garner
Batting: RHB Ryan McBride 0-0: Ball
1-0: Foul Ball, location: 2F
1-1: Ball
2-1: TRIPLE (Flyball, 89XD)
Batting: RHB Jonathan MacVey 0-0: Foul Ball, location: 2F
0-1: Foul Ball, location: 2F
0-2: Hit by Pitch
Batting: RHB Juan Valverde 0-0: Called Strike
0-1: Ball
1-1: Called Strike
1-2: Foul Ball, location: 2F
1-2: Strikes out swinging
Batting: RHB Tom Howe 0-0: 3-RUN HOME RUN (Flyball, 78XD), Distance : 425 ft
Batting: LHB Fernando De La Cruz 0-0: Called Strike
0-1: Ball
1-1: Ball
2-1: Ball
3-1: Base on Balls
Batting: SHB Héctor Barajas 0-0: Called Strike
0-1: Fielders Choice at 2nd, 4-6 (Groundball, 34)
Batting: LHB Bryan Foster 0-0: Ball
Pickoff Throw to First - Out!
Top of the 6th over - 3 run(s), 2 hit(s), 0 error(s), 0 left on base; Las Vegas 3 - Mile High 2
BOTTOM OF THE 6TH
Mile High Broncos batting - Pitching for Las Vegas Stars : RHP Jorge Oliva
Batting: RHB David Moran 0-0: Ball
1-0: Fly out, F5 (Line Drive, 5L)
Batting: RHB Edward Williams 0-0: Ball
1-0: DOUBLE (Line Drive, 8LM)
Batting: LHB Don Hull 0-0: Called Strike
0-1: Ground out 6-3 (Groundball, 6)
Batting: RHB Evan Robinson 0-0: Ball
1-0: Ball
2-0: Ball
3-0: Base on Balls
Batting: LHB Ernesto López 0-0: Foul Ball, location: 2F
0-1: Called Strike
0-2: Ground out U3 (Groundball, 3)
Bottom of the 6th over - 0 run(s), 1 hit(s), 0 error(s), 2 left on base; Las Vegas 3 - Mile High 2
TOP OF THE 7TH
Las Vegas Stars batting - Pitching for Mile High Broncos : RHP Barry Garner
Batting: LHB Bryan Foster 0-0: Called Strike
0-1: Foul Ball, location: 2F
0-2: Foul Ball, location: 2F
0-2: Strikes out swinging
Batting: LHB Diego Torres 0-0: Called Strike
0-1: Ball
1-1: Called Strike
1-2: Ground out 1-3 (Groundball, 13S)
Batting: LHB Paco Rivera 0-0: Foul Ball, location: 2F
0-1: Ball
1-1: SINGLE (Flyball, 8LS)
Batting: RHB Ryan McBride 0-0: Fly out, F9 (Line Drive, 9S)
Top of the 7th over - 0 run(s), 1 hit(s), 0 error(s), 1 left on base; Las Vegas 3 - Mile High 2
BOTTOM OF THE 7TH
Mile High Broncos batting - Pitching for Las Vegas Stars : RHP Jorge Oliva
Batting: SHB Tom Stevens 0-0: Foul Ball, location: 2F
0-1: Ground out 4-3 (Groundball, 4S)
Batting: LHB Mark Everett 0-0: Ball
1-0: Ball
2-0: Called Strike
2-1: Foul Ball, location: 2F
2-2: Foul Ball, location: 2F
2-2: Ground out 1-3 (Groundball, P)
Batting: RHB Jeff Packard 0-0: Ground out 2-3 (Groundball, 2R)
Bottom of the 7th over - 0 run(s), 0 hit(s), 0 error(s), 0 left on base; Las Vegas 3 - Mile High 2
TOP OF THE 8TH
Las Vegas Stars batting - Pitching for Mile High Broncos : RHP Barry Garner
Pitching: RHP David Bailey
Batting: RHB Jonathan MacVey 0-0: Ball
1-0: Swinging Strike
1-1: Called Strike
1-2: Strikes out swinging
Batting: RHB Juan Valverde 0-0: Called Strike
0-1: Called Strike
0-2: Strikes out looking
Batting: RHB Tom Howe 0-0: Called Strike
0-1: Ball
1-1: Foul Ball, location: 2F
1-2: Strikes out looking
Top of the 8th over - 0 run(s), 0 hit(s), 0 error(s), 0 left on base; Las Vegas 3 - Mile High 2
BOTTOM OF THE 8TH
Mile High Broncos batting - Pitching for Las Vegas Stars : RHP Jorge Oliva
Pitching: RHP Terry Adams
Batting: RHB Rodney González 0-0: Fly out, F8 (Flyball, 8RM)
Batting: RHB David Moran 0-0: Ball
1-0: Foul Ball, location: 2F
1-1: Ball
2-1: Ball
3-1: Called Strike
3-2: Base on Balls
Batting: RHB Edward Williams 0-0: Fly out, F8 (Line Drive, 8LD)
Runner from 1st tags up, SAFE at 2nd
Pitching: LHP Jesús González
Pinch Hitting: RHB Su-kweon Yu 0-0: Called Strike
0-1: Called Strike
0-2: Ball
1-2: Strikes out swinging
Bottom of the 8th over - 0 run(s), 0 hit(s), 0 error(s), 1 left on base; Las Vegas 3 - Mile High 2
TOP OF THE 9TH
Las Vegas Stars batting - Pitching for Mile High Broncos : RHP David Bailey
Pitching: RHP Tony Marrero
Now in RF: Su-kweon Yu
Batting: LHB Fernando De La Cruz 0-0: Ball
1-0: Ball
2-0: Foul Ball, location: 2F
2-1: Ball
3-1: Foul Ball, location: 2F
3-2: Foul Ball, location: 2F
3-2: Base on Balls
Pinch Hitting: LHB Ethan Marshall 0-0: Ball
1-0: Foul Ball, location: 2F
1-1: Ball
2-1: Ball
3-1: 2-RUN HOME RUN (Flyball, 9D), Distance : 393 ft
Batting: LHB Bryan Foster 0-0: Ball
1-0: Called Strike
1-1: Called Strike
1-2: Strikes out swinging
Batting: LHB Diego Torres 0-0: Called Strike
0-1: SINGLE (Line Drive, 89S)
Batting: LHB Paco Rivera 0-0: Called Strike
0-1: Swinging Strike
0-2: Ball
1-2: SINGLE (Groundball, 56D)
Diego Torres to second
Batting: RHB Ryan McBride 0-0: DOUBLE (Flyball, 89XD)
Diego Torres scores
Paco Rivera to third
Pitching: LHP Jorge García
Batting: RHB Jonathan MacVey 0-0: Ball
1-0: Foul Ball, location: 2F
1-1: SINGLE (Groundball, 6MD)
Paco Rivera scores
Ryan McBride to third
Runner from 3rd tries for Home, SAFE, throw made home
Batting: RHB Juan Valverde 0-0: Foul Ball, location: 2F
0-1: Fly out, F7 (Flyball, 7S)
Batting: RHB Tom Howe 0-0: Called Strike
0-1: Hit by Pitch
Jonathan MacVey to second
Batting: LHB Fernando De La Cruz 0-0: Ball
1-0: Ball
2-0: Foul Ball, location: 2F
2-1: SINGLE (Groundball, 4MD)
Jonathan MacVey to third
Tom Howe to second
Runner from 3rd tries for Home, throw and OUT!
Top of the 9th over - 5 run(s), 6 hit(s), 0 error(s), 2 left on base; Las Vegas 8 - Mile High 2
BOTTOM OF THE 9TH
Mile High Broncos batting - Pitching for Las Vegas Stars : LHP Jesús González
Now at 3B: Brian George
Batting: RHB Evan Robinson 0-0: Called Strike
0-1: Called Strike
0-2: Ball
1-2: Ball
2-2: Foul Ball, location: 2F
2-2: Strikes out swinging
Batting: LHB Ernesto López 0-0: Called Strike
0-1: Ball
1-1: Foul Ball, location: 2F
1-2: Ball
2-2: Strikes out looking
Batting: SHB Tom Stevens 0-0: Ball
1-0: Foul Ball, location: 2F
1-1: SINGLE (Line Drive, 6M)
Batting: LHB Mark Everett 0-0: Ball
1-0: Foul Ball, location: 2F
1-1: Foul Ball, location: 2F
1-2: Ball
2-2: Ball
3-2: Ground out 1-3 (Groundball, P)
Bottom of the 9th over - 0 run(s), 1 hit(s), 0 error(s), 1 left on base; Las Vegas 8 - Mile High 2
Thursday, March 30th, 2017 - OOTP Baseball 17.12 Build 75